 Dungeon Crawl Stone Soup version 0.18.1-50-g88ac8fd (webtiles) character file.

911 kraedy the Skirmisher (level 8, -1/51 HPs)
             Began as a Gargoyle Fighter on Oct 20, 2016.
             Slain by a yak (5 damage)
             ... on level 6 of the Dungeon.
             The game lasted 00:16:17 (5359 turns).

kraedy the Skirmisher (Gargoyle Fighter)            Turns: 5359, Time: 00:16:18

Health: -1/51      AC: 17    Str: 21    XL:     8   Next: 8%
Magic:  8/8        EV:  6    Int: 21    God:
Gold:   283        SH:  9    Dex:  9    Spells: 0 memorised, 7 levels left

rFire  + . .     SeeInvis .     v - +1 whip
rCold  . . .     Gourm    .     D - +0 chain mail
rNeg   + . .     Faith    .     c - +0 shield
rPois  ∞         Spirit   .     (no helmet)
rElec  +         Dismiss  .     (no cloak)
rCorr  .         Reflect  .     m - +1 pair of gloves
SustAt .         Harm     .     (no boots)
MR     .....                    (no amulet)
Stlth  ..........               y - ring of protection from fire
                                r - +6 ring of intelligence

@: brilliant, flying, not resistant to hostile enchantments, extremely
unstealthy
A: negative energy resistance 1, electricity resistance, unbreathing,
petrification resistance, rot immunity, AC +5
a: no special abilities


You were on level 6 of the Dungeon.
You were hungry.

You visited 1 branch of the dungeon, and saw 6 of its levels.

You collected 283 gold pieces.

Inventory:

Hand Weapons
 n - a +0 shortbow
 v - a +1 whip (weapon)
Missiles
 x - 54 arrows (quivered)
Armour
 c - a +0 shield (worn)
 m - a +1 pair of gloves (worn)
 D - a +0 chain mail (worn)
Jewellery
 r - a +6 ring of intelligence (left hand)
 y - a ring of protection from fire (right hand)
Scrolls
 d - 3 scrolls of identify
 e - a scroll of recharging
 q - a scroll of remove curse
 u - 2 scrolls of magic mapping
Potions
 g - a potion of invisibility
 h - a potion of resistance
 j - a potion of magic {unknown}
 k - 3 potions of brilliance
 A - a potion of heal wounds {unknown}
 E - a potion of degeneration {unknown}
Books
 z - a book of the Dragon

   Spells                             Type                      Level
   a - Flame Tongue                   Conjuration/Fire             1
   b - Cause Fear                     Hexes                        4
   c - Bolt of Fire                   Conjuration/Fire             6
   d - Dragon Form                    Transmutation                7
   e - Dragon's Call                  Summoning                    9
Comestibles
 a - 2 chunks of flesh
 f - 5 bread rations
 l - a meat ration
 B - a royal jelly


   Skills:
 * Level 5.9 Fighting
 * Level 4.8 Maces & Flails
 + Level 5.2 Armour
 + Level 2.6 Dodging
 + Level 5.0 Shields


You had 7 spell levels left.
You didn't know any spells.

Dungeon Overview and Level Annotations

Branches:
Dungeon (6/15)
 Temple: D:4-7

Altars:
Ashenzari
Fedhas
Gozag
Nemelex Xobeh
Vehumet
Yredelemnul

Annotations:
D:5 Britaniac's ghost, novice DEFE


Innate Abilities, Weirdness & Mutations

You are resistant to torment.
Your stone body is resilient (AC +5).
You are immune to poison.
You resist negative energy.
You are resistant to electric shocks.
You can survive without breathing.
You are immune to petrification.
You are immune to rotting.


Message History

The yak is heavily wounded.
The yak gores you!
* * * LOW HITPOINT WARNING * * *
You hit the yak.
The yak is heavily wounded.
The yak gores you.
* * * LOW HITPOINT WARNING * * *
Drink which item? (? for menu, Esc to quit)
It was a potion of brilliance.
You feel clever all of a sudden. The yak barely misses you.
You see here an arrow.
Drink which item? (? for menu, Esc to quit)
It was a potion of flight.
You feel very buoyant.
You fly up into the air.
The yak gores you but does no damage.
Your shield and chain mail prevent you from hitting the yak.
The yak is heavily wounded.
The yak gores you.
You die...

..# #....÷....§.§ ..#
##........... ..##
##........... ...##
##............ ....##
##..#..........
.....######
##..####........
......)(..########..##
###......
......##(......##..##
####...
.....########.gY@.##
### .....#
#########.## ....##
#..........# ....#
##.........## ...##
#(......<..# ..##
##......#### ###
##...### #####


You could see a yak and a gnoll.

Vanquished Creatures
  The ghost of Slowdrip the Pure, an amateur DrAK of Lugonu (D:4)
  2 centaurs
  2 giant frogs
  A scorpion (D:4)
  A centaur zombie (D:6)
  A hound (D:4)
  A giant frog skeleton (D:6)
  An iguana (D:4)
  3 worker ants
  8 gnolls
  5 adders
  2 worms
  2 dart slugs (D:3)
  4 giant geckos
  An orc (D:5)
  5 bats
  5 giant cockroaches
  4 goblins
  8 hobgoblins
  3 jackals (D:3)
  5 kobolds
  2 quokkas (D:4)
  3 giant newts
  4 rats
74 creatures vanquished.

Vanquished Creatures (others)
  A centaur (D:5)
1 creature vanquished.

Grand Total: 75 creatures vanquished

Notes
Turn   | Place    | Note
--------------------------------------------------------------
     0 | D:1      | kraedy the Gargoyle Fighter began the quest for the Orb.
     0 | D:1      | Reached XP level 1. HP: 14/14 MP: 1/1
   193 | D:1      | Reached XP level 2. HP: 12/19 MP: 2/2
   868 | D:2      | Reached XP level 3. HP: 21/23 MP: 3/3
  1317 | D:2      | Reached skill level 1 in Dodging
  1317 | D:2      | Reached XP level 4. HP: 28/29 MP: 4/4
  2109 | D:3      | Found a shattered altar of Ashenzari.
  2110 | D:3      | Found a blossoming altar of Fedhas.
  2224 | D:3      | Found a basalt altar of Yredelemnul.
  2226 | D:3      | Found an opulent altar of Gozag.
  2798 | D:4      | Noticed Slowdrip's ghost (amateur DrAK)
  3020 | D:4      | Reached XP level 5. HP: 33/33 MP: 5/5
  3301 | D:4      | Killed Slowdrip's ghost
  3301 | D:4      | Reached XP level 6. HP: 17/39 MP: 6/6
  3467 | D:4      | Found a sparkling altar of Nemelex Xobeh.
  3841 | D:4      | Reached skill level 5 in Fighting
  3841 | D:4      | Reached XP level 7. HP: 13/44 MP: 7/7
  4221 | D:5      | Entered Level 5 of the Dungeon
  4225 | D:5      | Found a radiant altar of Vehumet.
  4342 | D:5      | Noticed Britaniac's ghost (novice DEFE)
  5047 | D:6      | Reached skill level 5 in Armour
  5266 | D:6      | Noticed a yak
  5312 | D:6      | Reached skill level 5 in Shields
  5327 | D:6      | Reached XP level 8. HP: 10/51 MP: 8/8
  5347 | D:6      | HP: 2/51 [yak (2)]
  5359 | D:6      | Slain by a yak

Skill      XL: |  1  2  3  4  5  6  7 |
---------------+----------------------+-----
Dodging        | 1 2 |  2.6
Armour         | 4 5 |  5.2
Fighting       | 4 5 |  5.9
Shields        | 4 5 |  5.0
Maces & Flails | 3 4 |  4.8

Action                   |  1- 3 |  4- 6 |  7- 9 || total
-------------------------+-------+-------+-------++-------
Melee: Flail             |    88 |    52 |       ||   140
       Whip              |       |   188 |   226 ||   414
  Use: Scroll            |       |     3 |    11 ||    14
       Potion            |       |     2 |     3 ||     5
  Eat: Chunk             |     1 |     4 |     6 ||    11
       Pizza             |       |     1 |       ||     1
       Beef jerky        |       |     1 |       ||     1
Armor: Scale mail        |    64 |    98 |    16 ||   178
       Chain mail        |       |       |   109 ||   109
Dodge: Dodged            |    36 |    72 |    58 ||   166
Block: Shield            |    57 |    94 |   110 ||   261
